 Dungeon Crawl Stone Soup version 0.30-a0-394-g3e4acdb0ae (webtiles) character file.

Game seed: 7264060787531748651

132 p00ps00p the Trooper (level 5, -7/47 HPs)
             Began as a Hill Orc Fighter on Dec 6, 2022.
             Splashed by a jelly's acid (9 damage)
             ... on level 4 of the Dungeon.
             The game lasted 00:06:08 (2837 turns).

p00ps00p the Trooper (Hill Orc Fighter)             Turns: 2837, Time: 00:06:09

Health: -7/47      AC: -2    Str: 21    XL:     5   Next: 15%
Magic:  5/5        EV:  7    Int:  8    God:
Gold:   148        SH:  5    Dex: 10    Spells: 4/4 levels left

rFire   . . .      SeeInvis .    f - +0 hand axe (vorpal)
rCold   . . .      Faith    .    c - +1 buckler
rNeg    . . .      Spirit   .    u - +0 chain mail
rPois   +          Reflect  .    (no helmet)
rElec   .          Harm     .    o - scarf {+Inv}
rCorr   .          Rampage  .    (no gloves)
Will    +....                    (no boots)
Stlth   ..........               (no amulet)
HPRegen 0.27/turn                e - ring of poison resistance
MPRegen 0.09/turn                r - ring of willpower

@: corroded
A: no striking features
a: Evoke Invisibility


You were on level 4 of the Dungeon.
You visited 1 branch of the dungeon, and saw 4 of its levels.

You collected 148 gold pieces.

Inventory:

Hand Weapons
 a - a +0 war axe
 f - a +0 vorpal hand axe (weapon)
Missiles
 g - 5 boomerangs (quivered)
Armour
 b - a +0 scale mail
 c - a +1 buckler (worn)
 o - a scarf of invisibility (worn)
 u - a +0 chain mail (worn)
Jewellery
 e - a ring of poison resistance (left hand)
 r - a ring of willpower (right hand)
Wands
 v - a wand of iceblast (7)
Scrolls
 k - a scroll of fog {unknown}
 n - a scroll of identify {unknown}
 p - a scroll of enchant armour
 t - a scroll of torment {unknown}
Potions
 d - a potion of might
 h - a potion of invisibility {unknown}
 i - a potion of curing {unknown}
 j - a potion of mutation {unknown}
 l - 3 potions of magic {unknown}
 m - a potion of haste {unknown}
 q - a potion of flight {unknown}
 s - a potion of berserk rage {unknown}


   Skills:
 + Level 4.6 Fighting
 + Level 4.2 Axes
 + Level 4.1 Armour
 + Level 4.1 Shields


You had 4 spell levels left.
You didn't know any spells.
Your spell library contained the following spells:

 Spells                   Type           Power      Damage    Failure   Level
 Sandblast                Erth           0%         2d4       99%         1
 Passwall                 Tmut/Erth      0%         N/A       100%        2
 Stone Arrow              Conj/Erth      0%         3d7       100%        3


Dungeon Overview and Level Annotations

Branches:
Dungeon (4/15)
 Temple: D:4-7

Altars:
Zin

Shops:
D:3 ([[==


Message History

Found an escape hatch in the ceiling.
You see here 2 stones.
Found a long gold wand.
You see here a +0 chain mail.
You start removing your armour.
You continue taking off your +0 scale mail. x4
You finish taking off your +0 scale mail.
You start putting on your armour.
You continue putting on your +0 chain mail. x5
You finish putting on your +0 chain mail.
v - a wand of iceblast (7)
A jelly comes into view.
The jelly quivers.
You see here a grey potion.
Found 16 gold pieces.
The jelly barely misses you.
You barely miss the jelly. You block the jelly's attack.
You hit the jelly. The acid corrodes you!
Your hands burn!
The jelly is lightly wounded.
The jelly hits you but does no damage.
You slash the jelly!
Your hands burn!
The jelly is severely wounded.
The jelly hits you. The acid corrodes you!
You are splashed with acid!
You hit the jelly but do no damage.
Your hands burn!
The jelly is severely wounded.
The jelly hits you. The acid corrodes you!
You are splashed with acid!
You hit the jelly.
Your hands burn!
The jelly is almost dead.
The jelly hits you. The acid corrodes you!
You are splashed with acid.
* * * LOW HITPOINT WARNING * * *
The jelly hits you.
* * * LOW HITPOINT WARNING * * *
You are splashed with acid.
* * * LOW HITPOINT WARNING * * *
You barely miss the jelly.
The jelly is almost dead.
The jelly hits you.
* * * LOW HITPOINT WARNING * * *
You are splashed with acid!
You die...

..# #$. ..#
#.. #..#
###.. #....##
#J@## . #...#
##.. ##..##
##...#
#!..##....#
##..#...#
#....##
#....#...##
...#####...##
..# ###..##


You could see a jelly.

Vanquished Creatures
  An iguana (D:3)
  3 adders
  2 worms (D:2)
  A dart slug (D:2)
  2 orcs (D:3)
  6 ball pythons
  6 endoplasms
  A giant cockroach (D:2)
  7 goblins
  5 hobgoblins
  5 jackals
  7 kobolds
  2 quokkas
  5 bats
  2 frilled lizards
  12 rats
67 creatures vanquished.

Notes
Turn   | Place    | Note
-------+----------+-------------------------------------------
     0 | D:1      | p00ps00p the Hill Orc Fighter began the quest for the Orb.
     0 | D:1      | Reached XP level 1. HP: 19/19 MP: 1/1
   206 | D:1      | Reached XP level 2. HP: 27/27 MP: 2/2
   826 | D:2      | Reached XP level 3. HP: 33/33 MP: 3/3
  1260 | D:2      | Reached XP level 4. HP: 40/40 MP: 4/4
  1425 | D:2      | Found a glowing silver altar of Zin.
  2140 | D:3      | Found Fymoilin's Antique Weapon Shop.
  2158 | D:3      | Found Murhy's Armour Emporium.
  2158 | D:3      | Found Cujuaresh's Antique Armour Shoppe.
  2179 | D:3      | Reached XP level 5. HP: 34/47 MP: 5/5
  2245 | D:3      | Found Fuiqar's Jewellery Emporium.
  2642 | D:3      | Found Dumyulier's Jewellery Shoppe.
  2837 | D:4      | HP: 2/47 [jelly (2)]
  2837 | D:4      | Splashed by a jelly's acid

Illustrated notes

Levels and vault maps discovered:
D:1:      scummos_arrival_simple_crosswalls, layout_loops_ring,
          minmay_small_reverse_x
D:2:      layout_basic, basic_altar
D:3:      layout_loops_ring, serial_shops, shop, shop_fountains,
          nicolae_shop_statue_plus, nicolae_lakefront_shop, nicolae_diamond_shop
D:4:      layout_cave_pods, mainiacjoe_overflow_big_doors, minmay_shop_mayhem,
          dk_rats_in_the_wall

Skill      XL: |  1  2  3  4 |
---------------+-------------+-----
Axes           | 3 4 |  4.2
Fighting       | 4 |  4.6
Armour         | 4 |  4.1
Shields        | 4 |  4.1

Action                   |  1- 3 |  4- 6 || total
-------------------------+-------+-------++-------
Melee: War axe           |    10 |       ||    10
       Hand axe          |    94 |    92 ||   186
  Use: Potion            |     1 |       ||     1
       Scroll            |     3 |       ||     3
Armor: Scale mail        |    62 |    32 ||    94
       Chain mail        |       |     1 ||     1
Dodge: Dodged            |    71 |    50 ||   121
Block: Buckler           |    28 |    28 ||    56

Table legend: (Time is in decaauts)
 A = Elapsed time spent in this place.
 B = Non-inter-level travel time spent in this place.
 C = Inter-level travel time spent in this place.
 D = Time resting spent in this place.
 E = Time spent auto-exploring this place.
 F = Levels seen in this place.
 G = Mean time per level.
                   A        B        C        D        E       F      G
               +--------+--------+--------+--------+--------+-----+--------+
         Total |   2868 |   2830 |     38 |     57 |   2138 |   4 |  717.0 |
       Dungeon |   2868 |   2830 |     38 |     57 |   2138 |   4 |  717.0 |
               +--------+--------+--------+--------+--------+-----+--------+

Top non-repeatable levels by time:
     D:2: 1050 daAuts
     D:3: 953 daAuts
     D:1: 701 daAuts
     D:4: 162 daAuts
